Map: Void Training Stage 3

Players

Piroxiljin - Winner!

  • Race: Terran Terran
  • Spawn Location: 6:00

Player 2

  • Race: Zerg Zerg
  • Spawn Location: 12:00

VOD

Have the link to the VOD?

Description

Time

  • Played on: Jan. 12, 2019, 5:22 p.m.
  • Length: 18:01
Show
View Real Time Build Order
Export as new Build Order

Piroxiljin Terran - Winner!

Build Orders:  

Get SALT Encoding   

  12  0:03  SCV  
  13  0:15  SCV  
  14  0:22  Supply Depot  
  14  0:27  SCV  
  15  0:43  SCV  
  16  0:58  Barracks  
  16  1:05  SCV  
  17  1:19  Refinery  
  17  1:21  SCV  
  18  1:33  SCV  
  19  1:43  Barracks  
  19  1:53  Marine  
  20  2:00  Supply Depot  
  20  2:08  Orbital Command  
  20  2:22  Marine  
  21  2:36  Barracks  
  21  2:39  SCV  
  22  2:51  SCV  
  23  3:03  SCV  
  24  3:23  SCV  
  25  3:29  Refinery  
  25  3:35  Engineering Bay  
  25  3:50  Factory  
  25  3:52  SCV  
  25  3:55  Marine x2  
  28  4:07  SCV  
  28  4:08  Marine  
  30  4:12  Marine  
  31  4:19  Supply Depot  
  31  4:34  Supply Depot  
  31  4:41  Marine  
  31  4:43  Supply Depot  
  32  4:46  Factory  
  32  4:54  Factory Tech Lab  
  32  4:57  Barracks Tech Lab  
  32  5:01  Barracks Tech Lab  
  32  5:05  Marine  
  33  5:20  Command Center  
  33  5:23  Marine  
  34  5:31  SCV  
  35  5:43  SCV  
  35  5:46  Factory Tech Lab  
  35  5:48  Infernal Pre-Igniter  
  36  5:56  Hellion  
  37  6:17  Siege Tank  
  40  6:19  Marauder  
  40  6:20  Marauder  
  40  6:21  Marine  
  45  6:39  Marine  
  46  6:41  Marauder  
  46  6:42  Marauder  
  51  7:01  SCV  
  51  7:13  SCV  
  52  7:45  Supply Depot  
  46  8:11  Cyclone  
  46  8:12  Cyclone  
  52  8:21  Barracks  
  52  8:38  Orbital Command  
  52  8:44  Hellion  
  56  8:54  Refinery  
  56  8:57  Refinery  
  56  9:05  Hellion  
  56  9:13  Mag-Field Accelerator  
  56  9:16  SCV  
  57  9:34  Missile Turret  
  57  10:01  Engineering Bay  
  57  10:04  SCV  
  58  10:13  Marauder x2  
  62  10:14  Marine  
  62  10:19  Siege Tank x2  
  69  10:30  Supply Depot  
  69  10:32  Marine  
  69  10:34  Marauder x2  
  74  10:37  Terran Infantry Weapons Level 1  
  74  10:44  Armory  
  74  10:50  Marine  
  74  10:51  Cyclone  
  74  10:52  Cyclone, Supply Depot  
  81  11:27  Cyclone x2  
  87  11:36  Supply Depot  
  87  11:59  Siege Tank x2  
  85  12:28  Marine x3  
  88  12:31  Cyclone x2  
  94  12:46  Marauder x2  
  95  13:03  Siege Tank x2  
  97  13:35  Siege Tank  
  100  13:49  Marine x2  
  100  13:51  Marauder  
  102  14:02  Supply Depot  
  102  14:05  Supply Depot  
  102  14:06  Supply Depot  
  102  14:11  Supply Depot  
  102  14:12  Supply Depot  
  101  14:24  Marauder, Siege Tank x2  
  109  14:48  Marine x2  
  109  14:49  Marauder  
  113  14:56  Cyclone x2  
  119  15:07  Marauder  
  116  15:28  Siege Tank x2  
  113  16:00  Thor  
  119  16:20  Marine x2  
  119  16:21  Marauder  
  119  16:25  Siege Tank  
  126  16:38  Marauder  
  122  16:43  Siege Tank  
  122  16:57  Cyclone  
  125  17:15  Cyclone  
Show
View Real Time Build Order
Export as new Build Order

Player 2 Zerg 

Build Orders: 1 Base Baneling Bust, Pool First 

Get SALT Encoding   

  12  0:00  Drone  
  13  0:13  Overlord  
  13  0:18  Drone  
  14  0:31  Drone  
  14  0:34  Drone  
  16  0:43  Spawning Pool  
  16  0:46  Drone  
  16  0:50  Drone  
  16  0:52  Extractor  
  16  0:56  Drone  
  17  1:06  Overlord  
  17  1:31  Queen, Zergling x2  
  20  1:39  Roach Warren, Drone  
  20  1:40  Extractor  
  19  1:50  Drone, Zergling x2  
  21  2:00  Drone  
  22  2:10  Overlord  
  22  2:22  Roach  
  24  2:40  Lair, Roach  
  26  2:54  Overlord  
  26  2:59  Roach  
  28  3:17  Roach  
  30  3:24  Drone  
  31  3:27  Drone  
  32  3:36  Roach  
  34  3:43  Hydralisk Den  
  34  3:44  Drone  
  34  3:49  Overlord  
  34  3:53  Drone  
  35  3:58  Drone  
  35  4:02  Drone  
  37  4:06  Drone  
  38  4:12  Hydralisk  
  38  4:16  Baneling Nest  
  39  4:17  Drone  
  40  4:24  Evolution Chamber  
  40  4:27  Drone  
  40  4:30  Hydralisk  
  42  4:49  Hydralisk  
  44  7:04  Queen, Overlord, Overseer x2, Roach  
  44  7:05  Overlord  
  44  7:06  Spore Crawler  
  44  7:07  Drone  
  44  7:08  Spore Crawler  
  47  7:09  Drone  
  47  7:11  Infestation Pit  
  47  7:14  Drone, Hatchery, Spire  
  47  7:15  Hydralisk  
  48  7:17  Evolution Chamber, Drone  
  48  7:32  Spine Crawler  
  48  7:33  Drone  
  48  7:34  Spine Crawler  
  48  7:36  Drone  
  47  7:44  Zergling x2  
  43  7:56  Roach  
  33  8:07  Roach  
  35  8:19  Roach  
  37  8:26  Drone, Queen  
  38  8:29  Drone  
  38  8:30  Roach  
  38  8:32  Drone  
  44  8:34  Extractor  
  44  8:35  Drone  
  44  8:36  Spore Crawler  
  44  8:37  Spore Crawler  
  44  8:38  Drone  
  44  8:41  Drone, Roach  
  44  8:43  Drone  
  44  8:46  Drone  
  48  8:49  Drone  
  48  8:52  Drone, Hydralisk  
  48  8:55  Drone  
  53  8:58  Drone  
  53  9:01  Spine Crawler, Drone  
  54  9:04  Spine Crawler, Drone, Hydralisk  
  54  9:06  Drone  
  58  9:10  Drone  
  58  9:12  Drone  
  58  9:15  Drone  
  60  9:21  Hydralisk  
  60  9:23  Drone  
  63  9:26  Drone  
  63  9:29  Drone  
  65  9:32  Drone  
  65  9:35  Drone  
  65  9:38  Drone  
  68  9:44  Overlord  
  68  9:47  Drone  
  68  9:52  Drone  
  70  11:00  Extractor  
  69  11:23  Drone  
  70  11:31  Pneumatized Carapace  
  70  11:32  Overlord x2, Overseer, Hive  
  70  11:33  Zerg Ground Armor Level 1, Zerg Melee Weapons Level 1  
  70  12:00  Zergling x2  
  70  12:07  Hatchery  
  53  12:12  Hydralisk  
  53  12:13  Overseer  
  51  12:25  Hydralisk  
  53  12:38  Hydralisk  
  55  12:46  Greater Spire, Ultralisk Cavern  
  55  12:51  Hydralisk  
  56  13:02  Queen  
  56  13:04  Zergling x2  
  56  13:05  Spine Crawler  
  50  13:07  Drone  
  50  13:09  Drone  
  50  13:12  Spore Crawler, Zergling x2  
  46  13:13  Drone  
  46  13:15  Drone  
  46  13:18  Drone  
  46  13:19  Queen, Roach  
  45  13:21  Drone  
  45  13:24  Drone  
  45  13:25  Mutalisk  
  41  13:27  Drone  
  41  13:30  Extractor, Drone  
  41  13:33  Drone, Zergling x2, Spore Crawler  
  36  13:35  Spore Crawler  
  36  13:36  Drone, Overseer  
  36  13:37  Extractor  
  36  13:38  Burrow  
  37  13:42  Drone  
  37  13:44  Drone  
  37  13:47  Drone, Mutalisk, Overseer  
  38  13:53  Overlord  
  38  13:55  Zergling x2  
  36  13:57  Drone  
  36  14:02  Zergling x2  
  36  14:06  Overseer  
  36  14:10  Mutalisk  
  36  14:11  Overlord  
  36  14:18  Roach  
  38  14:25  Overseer, Roach  
  38  14:28  Overseer  
  38  14:30  Drone, Overlord  
  38  14:31  Overseer  
  41  14:33  Drone  
  41  14:38  Hydralisk  
  42  14:44  Overlord, Overseer  
  44  15:02  Overlord  
  44  15:03  Hydralisk  
  44  15:04  Overseer  
  38  15:10  Drone, Hydralisk  
  35  15:15  Overlord  
  35  15:19  Mutalisk  
  35  15:22  Overlord, Overseer  
  32  15:31  Evolution Chamber  
  32  15:34  Drone  
  32  15:35  Roach  
  31  15:37  Overseer  
  31  15:41  Spawning Pool  
  31  15:42  Drone, Overseer  
  20  16:18  Overlord  
  18  16:38  Spawning Pool  
  16  16:48  Overlord  
  15  16:56  Overlord  
  13  17:10  Drone  
  13  17:15  Drone  
  13  17:19  Overlord  
  14  17:24  Overlord  
  9  17:37  Drone  
  9  17:40  Drone  
  9  17:43  Drone  
Tags
 
Add a new tag
Caveats
  • Supply blocks, unpowered buildings, or Contaminate may cause inaccurate times.
  • Supply counts are checked every 10 seconds.